 Dungeon Crawl Stone Soup version 0.21.1-1-g345015f (webtiles) character file.

52 goulibeur the Unweaver (level 3, -4/29 HPs)
             Began as a Demonspawn Abyssal Knight on July 24, 2018.
             Was a Follower of Lugonu.
             Slain by a worm (6 damage)
             ... on level 2 of the Dungeon.
             The game lasted 00:03:55 (1679 turns).

goulibeur the Unweaver (Demonspawn Abyssal Knight)  Turns: 1679, Time: 00:03:56

Health: -4/29      AC:  6    Str: 12    XL:     3   Next: 60%
Magic:  5/5        EV: 10    Int: 13    God:    Lugonu [*.....]
Gold:   100        SH:  0    Dex: 13    Spells: 2/2 levels left

rFire    . . .     SeeInvis .   a - +1 short sword
rCold    . . .     Gourm    .   (no shield)
rNeg     . . .     Faith    .   j - +0 scale mail
rPois    .         Spirit   .   (helmet restricted)
rElec    .         Reflect  .   (no cloak)
rCorr    .         Harm     .   (no gloves)
MR       .....                  (no boots)
Stlth    ..........             (no amulet)
HPRegen  0.09/turn              (no ring)
MPRegen  0.09/turn              (no ring)

@: lethally poisoned (-4 -> -6)
A: antennae 1, sturdy frame 1
a: Depart the Abyss, Renounce Religion


You were on level 2 of the Dungeon.
You worshipped Lugonu.
Lugonu was aware of your devotion.
You were not hungry.

You visited 1 branch of the dungeon, and saw 2 of its levels.
You visited the Abyss 1 time.

You collected 100 gold pieces.

Inventory:

Hand Weapons
 a - a +1 short sword (weapon)
Armour
 b - a +0 leather armour
 d - a +0 ring mail
 j - a +0 scale mail (worn)
Scrolls
 e - 3 scrolls of remove curse {unknown}
 g - 2 scrolls of identify {unknown}
 h - a scroll of immolation {unknown}
 k - a scroll of magic mapping {unknown}
 l - a scroll of blinking {unknown}
 m - 2 scrolls of enchant weapon {unknown}
Potions
 i - a potion of brilliance {unknown}
Comestibles
 c - 2 rations
 f - a chunk of flesh


   Skills:
 + Level 3.3 Fighting
 - Level 1.7 Short Blades
 + Level 2.2 Armour
 + Level 1.5 Dodging
 * Level 3.8 Invocations


You had 2 spell levels left.
You didn't know any spells.

Dungeon Overview and Level Annotations

Branches:
Dungeon (2/15)

Altars:


Innate Abilities, Weirdness & Mutations

You have a pair of small antennae on your head.
Your movements are slightly less encumbered by armour. (ER -2)


Message History

The worm is lightly wounded.
The worm bites you!
* * * LOW HITPOINT WARNING * * *
You barely miss the worm.
The worm is lightly wounded.
Your scale mail prevents you from hitting the worm.
The worm is lightly wounded.
The worm bites you but does no damage.
You completely miss the worm.
The worm is lightly wounded.
* * * LOW HITPOINT WARNING * * *
You feel sick. The worm bites you but does no damage.
You hit the worm but do no damage. You hit the worm.
The worm is moderately wounded.
The worm bites you but does no damage.
You hit the worm.
The worm is moderately wounded.
The worm bites you.
You die...

.............. ###
#######....### ...
#....#
#####.###########....#
............)...'....#
#.........#....#
#.#######.#....# #.#
#.#....# #@# #.######
.......w# #.#
####..... #.# #.....+
#.# #.....# #+#
####+#. % .#


You could see a worm.

Vanquished Creatures
  An adder (D:2)
  4 worms (D:2)
  2 ball pythons
  5 bats
  6 goblins
  5 hobgoblins (D:1)
  3 frilled lizards (D:1)
  4 kobolds
  3 rats (D:1)
33 creatures vanquished.

Notes
Turn   | Place    | Note
-------+----------+-------------------------------------------
     0 | Abyss:1  | goulibeur the Demonspawn Abyssal Knight began the quest for the Orb.
     0 | Abyss:1  | Reached XP level 1. HP: 18/18 MP: 2/2
    55 | Abyss:1  | Noticed a small abomination
    56 | Abyss:1  | Noticed a flying skull
    57 | D:1      | Escaped the Abyss
   144 | D:1      | Reached skill level 1 in Dodging
   466 | D:1      | Gained mutation: Your movements are slightly less encumbered by armour. (ER -2) [demonic ancestry]
   466 | D:1      | Reached XP level 2. HP: 15/24 MP: 4/4
   644 | D:1      | Reached * piety under Lugonu
   997 | D:2      | Gained mutation: You have a pair of small antennae on your head. [demonic ancestry]
   997 | D:2      | Reached XP level 3. HP: 28/29 MP: 5/5
  1676 | D:2      | HP: 1/29 [poisoned by an adder]
  1679 | D:2      | Slain by a worm

Skill      XL: |  1  2 |
---------------+-------+-----
Dodging        | 1 |  1.5
Invocations    | 3 |  3.8
Armour         | 2 |  2.2
Fighting       | |  3.3
Short Blades   | |  1.7

Action                   || total
-------------------------++-------
Melee: Short sword       ||   187
Invok: Depart the Abyss  ||     1
  Eat: Chunk             ||     3
Armor: Ring mail         ||    49
       Scale mail        ||    34
Dodge: Dodged            ||    98
